 Dungeon Crawl Stone Soup version 0.25.1-8-g42b30a86e7 (webtiles) character file.

Game seed: 17420246211493467968

119 Devam the Cudgeler (level 4, 0/33 HPs)
             Began as a Demonspawn Gladiator on Dec 21, 2020.
             Succumbed to an orc's poison
             ... on level 3 of the Dungeon.
             The game lasted 00:09:13 (3498 turns).

Devam the Cudgeler (Demonspawn Gladiator)           Turns: 3498, Time: 00:09:13

Health: 0/33       AC:  8    Str: 16    XL:     4   Next: 73%
Magic:  4/4        EV: 11    Int: 11    God:
Gold:   164        SH:  0    Dex: 14    Spells: 3/3 levels left

rFire    . . .     SeeInvis +   a - +0 flail
rCold    . . .     Gourm    .   (no shield)
rNeg     . . .     Faith    .   u - +0 ring mail (curse)
rPois    .         Spirit   .   c - +0 helmet
rElec    .         Reflect  .   (no cloak)
rCorr    .         Harm     .   (no gloves)
MR       +....     Clarity  +   (no boots)
Stlth    +.........             (no amulet)
HPRegen  0.11/turn              i - ring of protection from magic
MPRegen  0.09/turn              t - ring of see invisible

@: brilliant, lethally poisoned (0 -> -14)
A: molten scales 1, clarity, strong 1, evolution 1
a: no special abilities


You were on level 3 of the Dungeon.
You were not hungry.

You visited 1 branch of the dungeon, and saw 4 of its levels.

You collected 164 gold pieces.

Inventory:

Hand Weapons
 a - a +0 flail (weapon)
Missiles
 d - 3 throwing nets
 g - 8 atropa-tipped darts
 h - 61 stones (quivered)
 k - 6 poisoned darts
Armour
 c - a +0 helmet (worn)
 u - a cursed +0 ring mail (worn)
Jewellery
 i - a ring of protection from magic (left hand)
 t - a ring of see invisible (right hand)
Scrolls
 e - 5 scrolls of identify {@r1}
 j - a scroll of noise {unknown}
 l - a scroll of amnesia {unknown}
 m - 2 scrolls of magic mapping {unknown}
 o - 2 scrolls of remove curse {@r2}
 q - a scroll of fear {unknown}
 s - a scroll of teleportation
Potions
 p - a potion of brilliance
Comestibles
 b - 4 chunks of flesh
 f - 7 rations


   Skills:
 - Level 2.0 Fighting
 + Level 5.0 Maces & Flails
 - Level 1.7 Throwing
 - Level 2.6 Dodging


You had 3 spell levels left.
You didn't know any spells.
Your spell library contained the following spells:

 Spells                   Type           Power        Failure   Level  Hunger
 Confusing Touch          Hex            #.......     90%         3    None
 Gell's Gravitas          Tloc           #.........   90%         3    None
 Petrify                  Tmut/Erth      #.......     100%        4    None
 Metabolic Englaciation   Hex/Ice        #.........   100%        5    None
 Yara's Violent Unravell  Hex/Tmut       #.........   100%        5    None


Dungeon Overview and Level Annotations

Branches:
Dungeon (4/15)
 Temple: D:4-7

Altars:


Innate Abilities, Weirdness & Mutations

You are partially covered in molten scales. (AC +2)
You possess an exceptional clarity of mind.
Your muscles are strong. (Str +2)
You evolve.


Message History

As you read the scroll labeled POUMOF ILUOHEE, it crumbles to dust.
It is a scroll of identify.
o - 2 scrolls of remove curse
* * * LOW HITPOINT WARNING * * *
You feel sick.
As you read the scroll of identify {@r1}, it crumbles to dust.
s - 2 scrolls of teleportation
* * * LOW HITPOINT WARNING * * *
You feel sick.
As you read the scroll of teleportation, it crumbles to dust.
You feel strangely unstable.
* * * LOW HITPOINT WARNING * * *
You feel sick.
* * * LOW HITPOINT WARNING * * *
You feel sick.
You climb downwards.
Your surroundings suddenly seem different.
* * * LOW HITPOINT WARNING * * *
You feel sick.
You die...

#..............##.##..... #.. #.#
##..............#.#.......##.##>#
#...............................
#........................##†#..#
#........................K.....#
#........................###o...
##............#....###.. #......
##..........##............###..
##########...@.........## ##.
#.#....###... #. ........# .. #.
.........# ## #.....##### #.....
#....# #....


There were no monsters in sight!

Vanquished Creatures
  3 gnolls
  2 adders
  An ooze (D:2)
  2 worms (D:3)
  3 dart slugs
  3 leopard geckos
  2 orcs
  2 bats (D:1)
  2 giant cockroaches
  5 goblins
  5 hobgoblins
  3 jackals (D:3)
  5 kobolds
  A quokka (D:2)
  5 frilled lizards
  9 rats
53 creatures vanquished.

Notes
Turn   | Place    | Note
-------+----------+-------------------------------------------
     0 | D:1      | Devam the Demonspawn Gladiator began the quest for the Orb.
     0 | D:1      | Reached XP level 1. HP: 16/16 MP: 1/1
    29 | D:1      | Reached skill level 3 in Maces & Flails
    95 | D:1      | Gained mutation: You are partially covered in molten
                  | scales. (AC +2) [demonic ancestry]
    95 | D:1      | Reached XP level 2. HP: 22/22 MP: 2/2
   151 | D:1      | You fall into a shaft and drop 1 floor!
   948 | D:1      | You fall into a shaft and drop 1 floor!
  1234 | D:2      | Reached skill level 4 in Maces & Flails
  1234 | D:2      | Reached XP level 3. HP: 27/27 MP: 3/3
  1994 | D:2      | You fall into a shaft and drop 2 floors!
  2767 | D:2      | Reached XP level 4. HP: 33/33 MP: 4/4
  3470 | D:3      | Reached skill level 5 in Maces & Flails
  3492 | D:2      | Gained mutation: Your muscles are strong. (Str +2) [potion
                  | of mutation]
  3492 | D:2      | Gained mutation: You evolve. [potion of mutation]
  3492 | D:2      | Gained mutation: You possess an exceptional clarity of
                  | mind. [potion of mutation]
  3497 | D:3      | HP: 1/33 [poisoned by an orc]
  3498 | D:3      | Succumbed to an orc's poison

Illustrated notes

Levels and vault maps discovered:
D:1:      nzn_arrival_depleted_hourglass, layout_rooms, serial_curves,
          eino_curves_03, eino_curves_01, minmay_misc_feat_x
D:2:      layout_loops_ring, first_ration
D:3:      layout_rooms, minmay_misc_feat_plants
D:4:      layout_loops_ring

Skill      XL: |  1  2  3  4 |
---------------+-------------+-----
Maces & Flails | 3 4 5 |  5.0
Fighting       | |  2.0
Throwing       | |  1.7
Dodging        | |  2.6

Action                   |  1- 3 |  4- 6 || total
-------------------------+-------+-------++-------
Melee: Flail             |   151 |    58 ||   209
Throw: Stone             |       |     2 ||     2
       Dart              |       |     1 ||     1
  Use: Scroll            |       |     3 ||     3
       Potion            |       |     2 ||     2
 Stab: Sleeping          |     1 |       ||     1
  Eat: Chunk             |     6 |     2 ||     8
Armor: Leather armour    |    61 |       ||    61
       Ring mail         |       |    26 ||    26
Dodge: Dodged            |   126 |    47 ||   173
